 Dungeon Crawl Stone Soup version 0.26-a0-1132-ge9770dfcb6 (webtiles) character file.

Game seed: 4875955046556879936

23 tilp the Insei (level 3, -1/24 HPs)
             Began as an Octopode Transmuter on Dec 20, 2020.
             Was an Initiate of Nemelex Xobeh.
             Slain by a kobold
             ... wielding a +2 whip of electrocution
              (14 damage)
             ... on level 2 of the Dungeon.
             The game lasted 00:01:22 (1035 turns).

tilp the Insei (Octopode Transmuter)                Turns: 1035, Time: 00:01:23

Health: -1/24      AC:  1    Str:  9    XL:     3   Next: 0%
Magic:  4/6        EV: 13    Int: 16    God:    Nemelex Xobeh [......]
Gold:   71         SH:  0    Dex: 12    Spells: 3/6 levels left

rFire    . . .     SeeInvis .     - Unarmed
rCold    . . .     Faith    .   (no shield)
rNeg     . . .     Spirit   .   (helmet restricted)
rPois    .         Reflect  .   (no amulet)
rElec    .         Harm     .   (no ring)
rCorr    .         Rampage  .   (no ring)
Will     .....                  (no ring)
Stlth    +++.......             (no ring)
HPRegen  0.08/turn              (no ring)
MPRegen  0.10/turn              (no ring)
                                (no ring)
                                (no ring)

@: wereblooded (expiring)
A: almost no armour, stealthy swim, amphibious, 8 rings, constrict 8, camouflage
1, gelatinous body 1
a: Renounce Religion, Draw Escape, Draw Destruction, Draw Summoning


You were on level 2 of the Dungeon.
You worshipped Nemelex Xobeh.
Nemelex Xobeh was noncommittal.
You visited 1 branch of the dungeon, and saw 2 of its levels.

You collected 71 gold pieces.

Inventory:

Jewellery
 a - an uncursed ring of flight {unknown}
Scrolls
 b - a scroll of noise {unknown}
 c - a scroll of teleportation {unknown}
 d - a scroll of remove curse {unknown}
 e - a scroll of identify {unknown}
Potions
 f - 2 potions of degeneration {unknown}


   Skills:
 + Level 1.7 Fighting
 - Level 2.0 Dodging
 + Level 1.9 Stealth
 + Level 3.3 Unarmed Combat
 - Level 2.0 Spellcasting
 - Level 2.0 Transmutations


You had 3 spell levels left.
You knew the following spells:

 Your Spells              Type           Power        Failure   Level
a - Beastly Appendage     Tmut           16%          9%          1
b - Wereblood             Tmut           8%           14%         2

Your spell library contained the following spells:

 Spells                   Type           Power        Failure   Level
 Spider Form              Tmut/Pois      2%           38%         3
 Ice Form                 Ice/Tmut       4%           80%         4
 Blade Hands              Tmut           4%           94%         5


Dungeon Overview and Level Annotations

Branches:
Dungeon (2/15)

Altars:
Nemelex Xobeh


Innate Abilities, Weirdness & Mutations

You cannot wear most types of armour.
You are very stealthy in the water. (Stealth+)
You are amphibious.
You can wear up to eight rings at the same time.
You can use your tentacles to constrict eight enemies at once.
Your skin changes colour to match your surroundings (Stealth+).
Your rubbery body absorbs attacks. (AC +1, EV +1)


Message History

Your grab misses the frilled lizard.
The frilled lizard bites you but does no damage.
You tentacle-slap the frilled lizard.
You kill the frilled lizard!
You howl as the wereblood boils in your veins!
The kobold throws a stone.
The stone closely misses you.
You have reached level 3!
Your experience leads to an increase in your attributes!
Increase (S)trength, (I)ntelligence, or (D)exterity?
You feel clever.
You see here a frilled lizard corpse.
Your primal bloodlust is almost over.
The kobold hits you with a +2 whip of electrocution.
Found a scroll labelled TAHOJO ABLURAU.
You closely miss the kobold. You grab the kobold. You constrict the kobold.
The kobold hits you with a +2 whip of electrocution!
You are electrocuted!
Ouch! That really hurt!
You die...
Your body disappears without a glow.

.#.
######.....
#.†@K.....?
###(########.
#..<......#
#.$...?...#
.(?..r......+
####[........#
#.........#
#.........#
#...#######


You could see a kobold.

Vanquished Creatures
  A leopard gecko (D:1)
  4 giant cockroaches (D:1)
  4 goblins (D:1)
  5 hobgoblins (D:1)
  A ball python (D:1)
  2 bats
  A frilled lizard (D:2)
  A kobold (D:1)
19 creatures vanquished.

Notes
Turn   | Place    | Note
-------+----------+-------------------------------------------
     0 | D:1      | tilp the Octopode Transmuter began the quest for the Orb.
     0 | D:1      | Reached XP level 1. HP: 13/13 MP: 3/3
   209 | D:1      | Reached skill level 1 in Stealth
   261 | D:1      | Reached XP level 2. HP: 18/18 MP: 3/5
   269 | D:1      | Learned a level 2 spell: Wereblood
   988 | D:1      | Found a sparkling altar of Nemelex Xobeh.
   996 | D:1      | Became a worshipper of Nemelex Xobeh the Trickster
  1033 | D:2      | Reached XP level 3. HP: 24/24 MP: 3/6
  1035 | D:2      | Slain by a kobold

Illustrated notes

Levels and vault maps discovered:
D:1:      dpeg_arrival_tiny_b, layout_basic, nemelex_xobeh_ov_fountains_minmay
D:2:      layout_basic, lemuel_doored_altar, lemuel_round_altar,
          kennysheep_slug_shrine, serial_curves, eino_curves_01, eino_curves_02,
          eino_curves_03, minmay_worlds_worst_comb, uniq_jessica

Skill      XL: |  1 |
---------------+----+-----
Stealth        | 1 |  1.9
Fighting       | |  1.7
Dodging        | |  2.0
Unarmed Combat | |  3.3
Spellcasting   | |  2.0
Transmutations | |  2.0

Action                   || total
-------------------------++-------
Melee: Unarmed           ||    43
       Constrict         ||    13
       Kick              ||    12
       Tentacles         ||     8
 Cast: Beastly Appendage ||    12
       Wereblood         ||     7
 Stab: Sleeping          ||     2
Armor: Skin              ||     5
Dodge: Dodged            ||    26

Table legend: (Time is in decaauts)
 A = Elapsed time spent in this place.
 B = Non-inter-level travel time spent in this place.
 C = Inter-level travel time spent in this place.
 D = Time resting spent in this place.
 E = Time spent auto-exploring this place.
 F = Levels seen in this place.
 G = Mean time per level.
                   A        B        C        D        E       F      G
               +--------+--------+--------+--------+--------+-----+--------+
         Total |   1032 |   1016 |     16 |      0 |    884 |   2 |  516.0 |
       Dungeon |   1032 |   1016 |     16 |      0 |    884 |   2 |  516.0 |
               +--------+--------+--------+--------+--------+-----+--------+

Top non-repeatable levels by time:
     D:1: 1010 daAuts
     D:2: 21 daAuts
